 Dungeon Crawl Stone Soup version 0.30-a0-297-g0ec75d9ef4 (webtiles) character file.

Game seed: 792762561396475711

112 lunkers the Cutter (level 5, -1/45 HPs)
             Began as a Meteoran Fighter on Oct 18, 2022.
             Slain by an orc priest
             ... wielding a +0 falchion
              (2 damage)
             ... on level 3 of the Dungeon.
             The game lasted 00:01:34 (930 turns).

lunkers the Cutter (Meteoran Fighter)                Turns: 930, Time: 00:01:34

Health: -1/45      AC:  9    Str: 17    XL:     5   Next: 40%
Magic:  6/6        EV:  9    Int: 10    God:
Gold:   169        SH:  5    Dex: 15    Spells: 4/4 levels left

rFire   . . .      SeeInvis .    a - +0 rapier
rCold   . . .      Faith    .    c - +0 buckler
rNeg    . . .      Spirit   .    b - +0 scale mail
rPois   .          Reflect  .    k - +0 helmet
rElec   .          Harm     .    (no cloak)
rCorr   .          Rampage  .    g - +0 pair of gloves
Will    .....                    (no boots)
Stlth   ..........               (no amulet)
HPRegen 0.27/turn                (no ring)
MPRegen 0.10/turn                (no ring)

@: glowing
A: sense surroundings 1, otherworldly, glowing, explore regen
a: no special abilities


You were on level 3 of the Dungeon.
You visited 1 branch of the dungeon, and saw 3 of its levels.

You collected 169 gold pieces.

Inventory:

Hand Weapons
 a - a +0 rapier (weapon)
Armour
 b - a +0 scale mail (worn)
 c - a +0 buckler (worn)
 g - a +0 pair of gloves (worn)
 k - a +0 helmet (worn)
Scrolls
 e - a scroll of fear {unknown}
 i - a scroll of identify {unknown}
 m - a scroll of amnesia {unknown}
Potions
 d - 2 potions of heal wounds {unknown}
 f - 2 potions of flight {unknown}
 h - a potion of haste {unknown}
 j - 2 potions of attraction {unknown}
 l - a potion of might


   Skills:
 - Level 3.2 Fighting
 + Level 5.4 Short Blades
 - Level 3.6 Armour
 - Level 3.6 Shields


You had 4 spell levels left.
You didn't know any spells.
Your spell library contained the following spells:

 Spells                   Type           Power      Damage    Failure   Level
 Static Discharge         Conj/Air       0%         2-2/arc   94%         2
 Stone Arrow              Conj/Erth      0%         3d7       99%         3
 Vhi's Electric Charge    Tloc/Air       0%         N/A       99%         3
 Airstrike                Air            0%         2d(0-16)  100%        4
 Animate Armour           Summ/Erth      0%         N/A       100%        4
 Summon Lightning Spire   Summ/Air       0%         N/A       100%        4
 Arcjolt                  Conj/Air       0%         1d10      100%        5
 Lightning Bolt           Conj/Air       0%         1d11      100%        5
 Lehudib's Crystal Spear  Conj/Erth      0%         10d2      100%        8


Dungeon Overview and Level Annotations

Branches:
Dungeon (3/15) Zot: 867

Altars:
Trog
Yredelemnul


Innate Abilities, Weirdness & Mutations

You passively map a small area around you.
You are easily found by Zot.
You glow in the dark.
You regain HP and MP as you explore.


Message History

The orc is almost dead.
The orc completely misses you.
You hit the orc.
You kill the orc!
You closely miss the orc priest. You block the orc priest's attack.
You closely miss the orc priest.
The orc priest hits you but does no damage.
You hit the orc priest.
The orc priest is lightly wounded.
You hit the orc priest.
The orc priest is moderately wounded.
You block the orc priest's attack.
You barely miss the orc priest.
The orc priest is moderately wounded.
You block the orc priest's attack.
You hit the orc priest.
The orc priest is moderately wounded.
The orc priest mumbles some strange prayers to Beogh against you.
Pain shoots through your body!
* * * LOW HITPOINT WARNING * * *
You hit the orc priest.
The orc priest is heavily wounded.
The orc priest barely misses you.
You hit the orc priest but do no damage.
The orc priest is heavily wounded.
The orc wizard casts a spell.
The orc wizard flickers and vanishes!
The orc priest hits you but does no damage.
You barely miss the orc priest.
The orc priest is heavily wounded.
The orc priest calls down the wrath of Beogh upon you.
Beogh smites you!
* * * LOW HITPOINT WARNING * * *
You hit the orc priest.
The orc priest is heavily wounded.
The orc priest hits you but does no damage.
You hit the orc priest but do no damage.
The orc priest is heavily wounded.
The orc priest hits you with a +0 falchion.
You die...

####### .......##
,...o....#
._.#.#.#############
.......{{o@.........#
#.##....###########.#
*...<....* #.#
..>...... #.# *
#.#......# * * #.# #
##...... ,, #.#
#..####
#.####.####### , ,
... #............. *
###########.##


You could see an orc priest.

Vanquished Creatures
  Terence (D:2)
  An orc wizard (D:3)
  2 adders (D:3)
  A worm (D:2)
  A dart slug (D:3)
  4 orcs (D:3)
  4 bats
  4 endoplasms
  A giant cockroach (D:1)
  3 goblins
  2 hobgoblins
  6 ball pythons
  2 frilled lizards (D:2)
  4 kobolds
  2 rats (D:3)
38 creatures vanquished.

Notes
Turn   | Place    | Note
-------+----------+-------------------------------------------
     0 | D:1      | lunkers the Meteoran Fighter began the quest for the Orb.
     0 | D:1      | Reached XP level 1. HP: 19/19 MP: 2/2
   313 | D:1      | Reached XP level 2. HP: 26/26 MP: 3/3
   371 | D:2      | Reached skill level 3 in Short Blades
   378 | D:2      | Noticed Terence
   385 | D:2      | Killed Terence
   386 | D:2      | Reached skill level 4 in Short Blades
   386 | D:2      | Reached XP level 3. HP: 28/31 MP: 4/4
   462 | D:2      | Reached XP level 4. HP: 16/38 MP: 5/5
   758 | D:3      | Found a basalt altar of Yredelemnul.
   798 | D:3      | Reached skill level 5 in Short Blades
   798 | D:3      | Reached XP level 5. HP: 37/45 MP: 6/6
   904 | D:3      | Found a bloodstained altar of Trog.
   928 | D:3      | HP: 1/45 [orc priest/divine providence (14)]
   930 | D:3      | Slain by an orc priest

Illustrated notes

Levels and vault maps discovered:
D:1:      tarquinn_simple_flora_water_f, layout_loops_corners
D:2:      layout_rooms, minmay_misc_feat_plants, kennysheep_generic_room_5,
          uniq_terence
D:3:      layout_loops_ring, mainiacjoe_overflow_tiny_flanked,
          yredelemnul_altar_generic, uniq_crazy_yiuf_cottage

Skill      XL: |  1  2  3  4 |
---------------+-------------+-----
Short Blades   | 4 5 |  5.4
Fighting       | |  3.2
Armour         | |  3.6
Shields        | |  3.6

Action                   |  1- 3 |  4- 6 || total
-------------------------+-------+-------++-------
Melee: Rapier            |    27 |    97 ||   124
  Use: Potion            |     1 |       ||     1
Armor: Scale mail        |     6 |    42 ||    48
Dodge: Dodged            |    10 |    19 ||    29
Block: Buckler           |     6 |    19 ||    25

Table legend: (Time is in decaauts)
 A = Elapsed time spent in this place.
 B = Non-inter-level travel time spent in this place.
 C = Inter-level travel time spent in this place.
 D = Time resting spent in this place.
 E = Time spent auto-exploring this place.
 F = Levels seen in this place.
 G = Mean time per level.
                   A        B        C        D        E       F      G
               +--------+--------+--------+--------+--------+-----+--------+
         Total |    931 |    872 |     59 |      0 |    593 |   3 |  310.3 |
       Dungeon |    931 |    872 |     59 |      0 |    593 |   3 |  310.3 |
               +--------+--------+--------+--------+--------+-----+--------+

Top non-repeatable levels by time:
     D:1: 356 daAuts
     D:2: 289 daAuts
     D:3: 285 daAuts
